 Dungeon Crawl Stone Soup version 0.20-b1 (webtiles) character file.

151 Ijustatesigmund the Magician (level 5, -2/41 HPs)
             Began as a Draconian Conjurer on May 19, 2017.
             Slain by a gnoll
             ... wielding a +0 spear
              (3 damage)
             ... on level 3 of the Dungeon.
             The game lasted 00:07:15 (2200 turns).

Ijustatesigmund the Magician (Draconian Conjurer)   Turns: 2200, Time: 00:07:16

Health: -2/41      AC:  5    Str:  7 (10) XL:     5   Next: 10%
Magic:  11/11      EV: 12    Int: 14 (15) God:
Gold:   69         SH:  0    Dex:  8 (11) Spells: 7/13 levels left

rFire    . . .     SeeInvis .   d - +0 whip
rCold    . . .     Gourm    .   (no shield)
rNeg     . . .     Faith    .   (armour unavailable)
rPois    .         Spirit   .   (helmet restricted)
rElec    .         Reflect  .   (no cloak)
rCorr    .         Harm     .   (no gloves)
MR       .....                  (no boots)
Stlth    +++.......             (no amulet)
Regen    0.2/turn               (no ring)
MPRegen  0.2/turn               (no ring)

@: flying
A: unfitting armour, horns 1, camouflage 1, dopey 1, cold-blooded, AC +5
a: no special abilities


You were on level 3 of the Dungeon.
You were not hungry.

You visited 1 branch of the dungeon, and saw 3 of its levels.

You collected 69 gold pieces.

Inventory:

Hand Weapons
 c - a +0 flail of protection
 d - a +0 whip (weapon)
Armour
 h - a +0 buckler
Jewellery
 k - an uncursed ring of fire
Books
 a - a book of Conjurations

   Spells                             Type                      Level
   a - Magic Dart                     Conjuration                  1
   b - Searing Ray                    Conjuration                  2
   c - Dazzling Spray                 Conjuration/Hexes            3
   d - Fulminant Prism                Conjuration/Hexes            4
   e - Force Lance                    Conjuration/Translocation    4
   f - Iskenderun's Mystic Blast      Conjuration                  4
Comestibles
 b - a bread ration
 f - 4 meat rations


   Skills:
 - Level 2.0 Fighting
 - Level 1.7 Dodging
 - Level 1.7 Stealth
 + Level 4.5 Spellcasting
 - Level 4.0 Conjurations


You had 7 spell levels left.
You knew the following spells:

 Your Spells              Type           Power        Failure   Level  Hunger
a - Magic Dart            Conj           ##..         3%          1    None
b - Searing Ray           Conj           ##....       5%          2    ##.....
c - Dazzling Spray        Conj/Hex       #.....       24%         3    ###....


Dungeon Overview and Level Annotations

Branches:
Dungeon (3/15)

Altars:
Kikubaaqudgha
Xom
Zin


Innate Abilities, Weirdness & Mutations

Your plain brown scales are hard. (AC +5)
You cannot fit into any form of body armour.
You are cold-blooded and may be slowed by cold attacks.
You have a pair of small horns on your head.
Your skin changes colour to match your surroundings (Stealth+).
You are dopey. (Int -2)


Message History

The gnoll hits you but does no damage. The gnoll hits you with a whip.
* * * LOW HITPOINT WARNING * * *
Okay, then.
It was a potion of mutation.
You feel extremely strange.
You feel stupid.
Your skin functions as natural camouflage.
A pair of horns grows on your head! The gnoll hits you with a spear.
* * * LOW HITPOINT WARNING * * *
The gnoll barely misses you.
It was a potion of degeneration.
There was something very wrong with that liquid.
You feel weakened.
You feel dopey.
You feel clumsy. The gnoll hits you with a spear.
* * * LOW HITPOINT WARNING * * *
The gnoll closely misses you.
It was a potion of flight.
You feel very buoyant.
You fly up into the air.
The gnoll hits you with a spear.
You die...

# . #
#. .
.#.#.#
#..#.
##...
...
#.#
#g#
#@#
#g#
#.#
#.#
#.#
#.#
..#
###


You could see 2 gnolls.

Vanquished Creatures
  Natasha (thrice) (D:2)
  A gnoll (D:3)
  2 adders (D:2)
  An ooze (D:2)
  A worm (D:2)
  3 leopard geckos
  4 giant cockroaches
  5 goblins (D:1)
  2 hobgoblins (D:1)
  7 jackals (D:1)
  3 kobolds (D:1)
  5 bats
  2 frilled lizards
  3 rats
42 creatures vanquished.

Vanquished Creatures (others)
  A kobold (D:2)
  A rat (D:3)
2 creatures vanquished.

Grand Total: 44 creatures vanquished

Notes
Turn   | Place    | Note
-------+----------+-------------------------------------------
     0 | D:1      | Ijustatesigmund the Draconian Conjurer began the quest for the Orb.
     0 | D:1      | Reached XP level 1. HP: 14/14 MP: 3/3
   213 | D:1      | Reached skill level 1 in Fighting
   257 | D:1      | Reached XP level 2. HP: 19/23 MP: 5/5
   350 | D:1      | Learned a level 2 spell: Searing Ray
   752 | D:1      | Reached XP level 3. HP: 29/29 MP: 7/7
   757 | D:1      | Learned a level 3 spell: Dazzling Spray
  1488 | D:2      | Found an ancient bone altar of Kikubaaqudgha.
  1517 | D:2      | Noticed Natasha
  1529 | D:2      | Killed Natasha
  1529 | D:2      | Reached XP level 4. HP: 30/36 MP: 0/9
  1724 | D:2      | Found a shimmering altar of Xom.
  1724 | D:2      | Found a glowing silver altar of Zin.
  1724 | D:2      | Noticed an angel
  1771 | D:2      | Noticed Natasha
  1777 | D:2      | Killed Natasha
  1799 | D:2      | Noticed Natasha
  1816 | D:2      | Killed Natasha
  1971 | D:2      | Reached XP level 5. HP: 41/41 MP: 5/11
  2198 | D:3      | Gained mutation: You are dopey. (Int -2) [potion of mutation]
  2198 | D:3      | Gained mutation: Your skin changes colour to match your surroundings (Stealth+). [potion of mutation]
  2198 | D:3      | Gained mutation: You have a pair of small horns on your head. [potion of mutation]
  2199 | D:3      | HP: 1/41 [gnoll/spear (3)]
  2200 | D:3      | Slain by a gnoll

Skill      XL: |  1  2  3  4 |
---------------+-------------+-----
Fighting       | 1 2 |  2.0
Spellcasting   | 3 4 |  4.5
Dodging        | |  1.7
Stealth        | |  1.7
Conjurations   | |  4.0

Action                   |  1- 3 |  4- 6 || total
-------------------------+-------+-------++-------
Melee: Whip              |    98 |     8 ||   106
       Unarmed           |    13 |       ||    13
       Tailslap          |    12 |       ||    12
 Cast: Magic Dart        |    52 |    22 ||    74
       Searing Ray       |       |     3 ||     3
  Use: Scroll            |     2 |     1 ||     3
       Potion            |     1 |     5 ||     6
  Eat: Chunk             |     2 |     3 ||     5
Armor: Skin              |    63 |     5 ||    68
Dodge: Dodged            |   116 |    23 ||   139
